 Dungeon Crawl Stone Soup version 0.32-a0-893-gf85d74f360 (webtiles) character file.

Game seed: 16377742449354633511

15349 Autsider the Geomancer (level 12, -9/73 HPs)
             Began as a Gargoyle Earth Elementalist on Apr 3, 2024.
             Was an Initiate of Gozag.
             Hit by a silver javelin thrown by a minotaur (27 damage)
             ... in a Gauntlet.
             The game lasted 00:50:10 (13852 turns).

Autsider the Geomancer (GrEE)                      Turns: 13852, Time: 00:50:11

Health: -9/73      AC: 16    Str: 15    XL:     12   Next: 26%
Magic:  7/21       EV: 11    Int: 22    God:    Gozag
Gold:   467        SH: 10    Dex: 16    Spells: 7/23 levels left

rFire   + + .        a - staff "Ciotiqiw" {Will+ Str+4 Necro Earth}
rCold   + + .        D - +0 kite shield
rNeg    + . .        l - +0 robe {rC+ rF+}
rPois   ∞            E - +2 hat
rElec   +            V - scarf {rC+ rF+}
rCorr   .            (no gloves)
SInv    .            b - +2 pair of boots
Will    +....        (no amulet)
Stlth   ++           j - +6 ring of dexterity
HPRegen 0.32/turn    (no ring)
MPRegen 0.17/turn

%: no teleportation
@: no status effects
A: sickness immunity, AC +8, negative energy resistance 1, electricity
resistance, torment resistance 1, petrification resistance
a: Renounce Religion, Potion Petition, Call Merchant, Bribe Branch


You were in a Gauntlet.
You worshipped Gozag.
Gozag was aware of your devotion.
You visited 2 branches of the dungeon, and saw 13 of its levels.
You also visited: Sewer, Ossuary and Gauntlet.

You collected 2216 gold pieces.
You spent 741 gold pieces at shops.
You paid 1008 gold pieces to Gozag.

Inventory:

Hand Weapons
 s - a +4 whip of electrocution
Missiles
 r - 2 throwing nets
 G - 3 curare-tipped darts
Armour
 b - a +2 pair of boots (worn)
 l - a +0 robe of resistance (worn)
 o - a +0 cloak
 y - a scarf of harm
 D - a +0 kite shield (worn)
 E - a +2 hat (worn)
 Q - a +0 ring mail of fire resistance
 V - a scarf of resistance (worn)
Magical Staves
 a - the staff "Ciotiqiw" (weapon) {Will+ Str+4 Necro Earth}
   (You acquired it on level 8 of the Dungeon)

   [staff of earth]

   Base accuracy: +5 Base damage: 5 Base attack delay: 1.2 This weapon's minimum
   attack delay (0.6) is reached at skill level 12.
   Str+4:     It affects your strength (+4).
   Will+:     It increases your willpower.
   Necro:     It increases the power of your Necromancy spells.
   Earth:     It increases the power of your Earth spells.
   It falls into the 'Staves' category.
   It is a one-handed weapon.
Jewellery
 j - a +6 ring of dexterity (left hand)
 L - an amulet of guardian spirit
Wands
 i - a wand of flame (61)
 m - a wand of polymorph (14)
 n - a wand of paralysis (17)
 w - a wand of mindburst (8)
 M - a wand of iceblast (38)
 P - a wand of digging (7)
 S - a wand of quicksilver (4)
Scrolls
 c - a scroll of summoning
 e - a scroll of immolation
 f - a scroll of brand weapon
 g - 2 scrolls of enchant weapon
 h - 2 scrolls of vulnerability
 k - a scroll of identify {@r1}
 p - a scroll of fog
 q - 3 scrolls of teleportation {@r2}
 A - 2 scrolls of amnesia
 C - 2 scrolls of blinking
 J - a scroll of fear
 R - 3 scrolls of noise
 T - a scroll of revelation
Potions
 d - 4 potions of curing {@q1}
 t - 2 potions of attraction
 u - a potion of invisibility
 x - 2 potions of ambrosia
 z - a potion of enlightenment
 H - 2 potions of mutation
 I - 3 potions of might
 K - 5 potions of degeneration
 N - 4 potions of lignification
 U - a potion of haste
 W - 2 potions of cancellation
 X - a potion of brilliance
Miscellaneous
 O - a lightning rod (4/4)


   Skills:
 - Level 8.0 Fighting
 - Level 6.0 Armour
 - Level 4.0 Dodging
 - Level 2.1 Stealth
 + Level 6.9 Shields
 - Level 6.0 Spellcasting
 - Level 6.0 Conjurations
 - Level 3.0 Summonings
 - Level 8.0 Necromancy
 - Level 3.0 Translocations
 - Level 10.0 Earth Magic


You had 7 spell levels left.
You knew the following spells:

 Your Spells              Type           Power      Damage    Failure   Level
a - Sandblast             Erth           100%       2d20      1%          1
b - Stone Arrow           Conj/Erth      100%       3d13      2%          3
c - Borgnjor's Vile Clut  Necr/Erth      40%        N/A       16%         5
d - Lee's Rapid Deconstr  Erth           33%        3d17*     11%         5
z - Blink                 Tloc           38%        N/A       11%         2

Your spell library contained the following spells:

 Spells                   Type           Power      Damage    Failure   Level
 Magic Dart               Conj           100%       1d8       1%          1
 Passwall                 Erth           66%        N/A       1%          3
 Brom's Barrelling Bould  Conj/Erth      58%        2d7       9%          4
 Call Imp                 Summ           38%        N/A       11%         2
 Static Discharge         Conj/Air       38%        3-5/arc   11%         2
 Animate Armour           Summ/Erth      100%       N/A       16%         4
 Dazzling Flash           Conj/Hex       38%        N/A       21%         3
 Hailstorm                Conj/Ice       19%        3d7       21%         3
 Maxwell's Portable Pile  Tloc           19%        2d(7-19)  21%         3
 Curse of Agony           Necr           58%        N/A       24%         5
 Mephitic Cloud           Conj/Alch/Air  15%        N/A       30%         3
 Leda's Liquefaction      Alch/Erth      21%        N/A       30%         4
 Petrify                  Alch/Erth      42%        N/A       30%         4
 Ensorcelled Hibernation  Hex/Ice        12%        N/A       34%         2
 Summon Ice Beast         Ice/Summ       13%        N/A       36%         3
 Inner Flame              Hex/Fire       6%         N/A       56%         3
 Swiftness                Air            6%         N/A       56%         3
 Flame Wave               Conj/Fire      19%        2d7       56%         4
 Summon Lightning Spire   Summ/Air       13%        N/A       77%         4
 Death Channel            Necr           29%        N/A       80%         6
 Arcjolt                  Conj/Air       9%         1d19      88%         5
 Airstrike                Air            3%         2d(1-17)  93%         4
 Sticky Flame             Fire/Alch      6%         2d4       93%         4
 Permafrost Eruption      Ice/Erth       21%        2x4d5     99%         6
 Silence                  Hex/Air        3%         N/A       100%        5
 Sculpt Simulacrum        Ice/Alch       3%         N/A       100%        6
 Lehudib's Crystal Spear  Conj/Erth      29%        10d8      100%        8
 Maxwell's Capacitive Co  Air            3%         ∞         100%        8
 Animate Dead             Necr           Unusable   N/A       N/A         4

Dungeon Overview and Level Annotations

Branches:
Dungeon (12/15)            Temple (1/1) D:5            Lair (0/5) D:11
    Orc (0/2) D:9           Sewer (visited)         Ossuary (visited)
Gauntlet (1/1)

Altars:
Ashenzari
Cheibriados
Dithmenos
Elyvilon
Fedhas
Gozag
Hepliaklqana
Kikubaaqudgha
Makhleb
Nemelex Xobeh
Okawaru
Qazlal
Ru
Sif Muna
Trog
Uskayaw
Vehumet
Wu Jian
Xom
Yredelemnul
Zin
The Shining One

Shops:
D:11 !

Annotations:
D:4 exclusion: downstairs Gauntlet 7 transporters


Innate Abilities, Weirdness & Mutations

You are immune to sickness and miasma.
Your stone body is resilient. (AC +8)
You are immune to poison.
You resist negative energy. (rN+)
You are resistant to electric shocks. (rElec)
You are resistant to unholy torment.
You are immune to petrification.


Message History

Aiming: Sandblast (safe; 1% risk of failure)
Press: ? - help, Shift-Dir - straight line, f/p - minotaur
Aim: a minotaur, wielding a +1 heavy great mace, wearing a +3 plate armour of positive energy, wearing a ring of wizardry and quivering silver javelins (heavily wounded, unable to see you, 93% to hit)
You feel a surge of power!
The blast of sand hits the minotaur but does no damage.
The minotaur is heavily wounded.
The minotaur bellows!
You flicker for a moment.
You start resting.
You flicker back into view.
You start resting.
A minotaur is nearby!
Aiming: Polymorph
Press: ? - help, Shift-Dir - straight line, f/p - minotaur
Aim: a minotaur, wielding a +1 heavy great mace, wearing a +3 plate armour of positive energy, wearing a ring of wizardry and quivering silver javelins (moderately wounded, will become a storm dragon, an alligator, or a death yak, chance to affect: 1%)
Okay, then.
Okay, then.
Okay, then.
Casting: Sandblast (safe; 1% risk of failure)
Confirm with . or Enter, or press ? or * to list all spells.
Aiming: Borgnjor's Vile Clutch (quite dangerous; 16% risk of failure)
Press: ? - help, Shift-Dir - straight line, f/p - minotaur
Aim: a minotaur, wielding a +1 heavy great mace, wearing a +3 plate armour of positive energy, wearing a ring of wizardry and quivering silver javelins (moderately wounded, 100% to hit)
You feel a strong surge of power!
Zombie hands grab the minotaur.
The zombie hands constrict the minotaur.
The minotaur throws a silver javelin.
The silver javelin barely misses you.
Your magical contamination has completely faded away.
The zombie hands lose their grip on something.
The minotaur throws a silver javelin.
The silver javelin barely misses you.
The minotaur throws a silver javelin.
The silver javelin pierces through you!!
* * * LOW HITPOINT WARNING * * *
The minotaur throws a silver javelin.
The silver javelin pierces through you!!
* * * LOW HITPOINT WARNING * * *
x2 The minotaur throws a silver javelin.
The silver javelin pierces through you!!
You die...
Your body crumbles into a pile of gold.

...#.## ##.#.≈##
...#.≈≈# ##.#.≈##
...#.## ## ...#..###≈##
####...#≈≈≈#
..ß#...#...##########
..©#.ß.#...#....@...####
..ß#.⌠.#.ß.#.######....#
####.ß.#.©.#.# ####H#
W..#...#.ß.#.# .#.#
#..#...#.©.#.# .#.#
.#.#.ß.#.ß.#.# .#H#
.#.#.∩.#.©...# .#.#
.#.#.ß.#.ß.#.# .#.#
##.#...#.©.#.# ####.#.#


You could see a minotaur.

Vanquished Creatures
  Erolcha (D:9)
  A boulder beetle (D:10)
  A two-headed ogre (D:10)
  Urug (D:11)
  Nergalle (D:11)
  An ice statue (Gauntlet)
  Joseph (D:8)
  Jeremiah (D:9)
  A rime drake (Gauntlet)
  3 komodo dragons
  Psyche (D:8)
  2 trolls
  2 raiju (D:7)
  2 hornets (Gauntlet)
  Prince Ribbit (D:8)
  7 shadows
  A wraith (D:9)
  A wyvern (D:8)
  Grum (D:8)
  3 yaks (D:10)
  Eustachio (D:4)
  A warg (D:11)
  2 steam dragons (D:9)
  9 vampire mosquitoes
  2 water moccasins
  Duvessa (D:6)
  An ice beast (D:6)
  3 orc warriors
  2 black bears
  Pargi (Sewer)
  3 sky beasts
  5 wolves
  5 phantoms
  A centaur (D:7)
  7 kobold brigands
  4 bullfrogs
  A gnoll sergeant (D:8)
  3 scorpions
  Dowan (D:6)
  8 killer bees
  4 electric eels
  2 howler monkeys (D:11)
  A quasit (D:6)
  4 hounds
  6 jellies
  A bombardier beetle (D:4)
  A human zombie (Ossuary)
  2 gnoll boudas (D:5)
  3 orc priests
  Crazy Yiuf (D:2)
  2 sleepcaps (D:7)
  Jessica (D:2)
  5 iguanas
  14 orc wizards
  4 scorpion zombies (Ossuary)
  Natasha (twice) (D:2)
  3 mummies (Ossuary)
  Robin (D:2)
  13 gnolls
  5 adders
  A shadow imp (D:6)
  5 white imps
  An ufetubus (D:6)
  An adder zombie (Ossuary)
  4 dart slugs
  A ribbon worm (D:3)
  58 orcs
  9 ball pythons
  3 bats
  7 endoplasms
  3 giant cockroaches
  7 gnoll zombies (Ossuary)
  13 goblins
  15 hobgoblins
  2 quokkas (D:4)
  5 frilled lizards
  A jackal zombie (Ossuary)
  39 kobolds
  3 kobold zombies (Ossuary)
  13 rats
360 creatures vanquished.

Vanquished Creatures (collateral kills)
  Natasha (D:2)
1 creature vanquished.

Grand Total: 361 creatures vanquished

Notes
Turn   | Place    | Note
-------+----------+-------------------------------------------
     0 | D:1      | Autsider the Gargoyle Earth Elementalist began the quest
                  | for the Orb.
     0 | D:1      | Reached XP level 1. HP: 10/10 MP: 3/3
   117 | D:1      | Reached XP level 2. HP: 16/16 MP: 3/5
   161 | D:1      | Reached skill level 4 in Earth Magic
   541 | D:1      | Reached skill level 1 in Fighting
   545 | D:1      | Reached XP level 3. HP: 20/20 MP: 2/6
   765 | D:1      | Found a faded altar of an unknown god.
  1278 | D:2      | Noticed Natasha
  1295 | D:2      | Noticed Jessica
  1302 | D:2      | Killed Jessica
  1303 | D:2      | Reached XP level 4. HP: 23/25 MP: 2/7
  1419 | D:2      | Found a runed translucent door.
  1420 | D:2      | Noticed Crazy Yiuf
  1491 | D:1      | Learned a level 3 spell: Stone Arrow
  1496 | D:1      | Learned a level 2 spell: Blink
  1499 | D:2      | Killed Natasha
  1500 | D:2      | Reached skill level 1 in Summonings
  1582 | D:2      | Noticed Robin
  1652 | D:2      | Killed Robin
  1717 | D:2      | Reached skill level 1 in Translocations
  1860 | D:2      | Noticed Natasha
  1864 | D:2      | Killed Natasha
  1865 | D:2      | Reached XP level 5. HP: 28/30 MP: 3/8
  2076 | D:2      | Learned a level 2 spell: Call Imp
  2098 | D:2      | Killed Crazy Yiuf
  2099 | D:2      | Reached skill level 5 in Earth Magic
  2208 | D:2      | Noticed Natasha
  2212 | D:2      | Killed Natasha
  2457 | D:3      | Reached XP level 6. HP: 35/35 MP: 3/10
  2582 | D:3      | You fall into a shaft and drop 3 floors!
  2637 | D:6      | Noticed an ice beast
  2656 | D:6      | Killed an ice beast
  2781 | D:5      | Entered Level 5 of the Dungeon
  2871 | D:6      | Reached XP level 7. HP: 27/40 MP: 2/11
  2974 | D:6      | Found a sand-covered staircase.
  2995 | D:6      | Reached skill level 6 in Earth Magic
  3007 | Ossuary  | Entered an ossuary
  3682 | D:5      | Reached XP level 8. HP: 48/48 MP: 4/13
  3835 | D:4      | Noticed Eustachio
  3844 | D:4      | Killed Eustachio
  3847 | D:4      | Reached skill level 1 in Armour
  3941 | D:4      | Found a glowing drain.
  3975 | Sewer    | Entered a sewer
  4231 | Sewer    | Noticed Pargi
  4234 | Sewer    | Killed Pargi
  4328 | D:4      | Found a radiant altar of Vehumet.
  4573 | D:4      | Reached skill level 5 in Fighting
  5198 | D:3      | Found a sacrificial altar of Ru.
  5691 | D:5      | Reached XP level 9. HP: 55/55 MP: 8/15
  6426 | D:5      | Found a staircase to the Ecumenical Temple.
  6503 | Temple   | Entered the Ecumenical Temple
  6519 | Temple   | Became a worshipper of Gozag Ym Sagoz the Greedy
  6732 | D:6      | Reached skill level 5 in Armour
  6891 | D:6      | Noticed Duvessa
  6986 | D:6      | Killed Duvessa
  7038 | D:6      | Noticed Dowan
  7049 | D:6      | Killed Dowan
  8076 | D:7      | Reached XP level 10. HP: 64/64 MP: 13/16
  8214 | D:7      | Reached skill level 5 in Conjurations
  8280 | D:7      | Reached skill level 7 in Earth Magic
  8652 | D:7      | Reached skill level 5 in Spellcasting
  8802 | D:8      | Identified a scroll of acquirement
  8802 | D:8      | Acquired the staff "Ciotiqiw" {Will+ Str+4 Necro Earth}
  8811 | D:8      | Learned a level 5 spell: Borgnjor's Vile Clutch
  8919 | D:8      | Noticed Joseph
  8930 | D:8      | Killed Joseph
  8956 | D:8      | Reached skill level 1 in Necromancy
  9203 | D:8      | Noticed Grum
  9205 | D:8      | Noticed Psyche
  9423 | D:8      | Killed Grum
  9424 | D:8      | Reached skill level 8 in Earth Magic
  9467 | D:8      | Killed Psyche
  9672 | D:8      | Noticed Prince Ribbit
  9677 | D:8      | Killed Prince Ribbit
  9880 | D:9      | Noticed Jeremiah
  9924 | D:9      | Killed Jeremiah
  9968 | D:9      | Found a hide-covered altar of Uskayaw.
 10024 | D:9      | Reached skill level 9 in Earth Magic
 10053 | D:9      | Reached XP level 11. HP: 68/68 MP: 15/20
 10427 | D:9      | Found a staircase to the Orcish Mines.
 10584 | D:9      | Noticed Erolcha
 10590 | D:9      | Killed Erolcha
 11023 | D:10     | Entered Level 10 of the Dungeon
 11039 | D:10     | Reached skill level 10 in Earth Magic
 11113 | D:10     | Reached skill level 5 in Necromancy
 11221 | D:10     | Found a basalt altar of Yredelemnul.
 11354 | D:10     | Noticed a two-headed ogre
 11359 | D:10     | Killed a two-headed ogre
 11877 | D:11     | Found Uxterrasa's Distillery.
 11885 | D:11     | Bought a potion of cancellation for 104 gold pieces
 11885 | D:11     | Bought a potion of cancellation for 104 gold pieces
 11885 | D:11     | Bought a potion of invisibility for 104 gold pieces
 11885 | D:11     | Bought a potion of degeneration for 13 gold pieces
 11885 | D:11     | Bought a potion of brilliance for 52 gold pieces
 11885 | D:11     | Bought a potion of ambrosia for 104 gold pieces
 11885 | D:11     | Bought a potion of heal wounds for 65 gold pieces
 11885 | D:11     | Bought a potion of haste for 130 gold pieces
 11885 | D:11     | Bought a potion of heal wounds for 65 gold pieces
 12091 | D:11     | Found a staircase to the Lair.
 12091 | D:11     | Noticed a boulder beetle
 12096 | D:11     | Noticed Urug
 12097 | D:11     | Noticed a brown ugly thing
 12102 | D:11     | Reached skill level 1 in Shields
 12165 | D:10     | Killed a boulder beetle
 12318 | D:11     | Noticed Nergalle
 12323 | D:11     | Killed Nergalle
 12500 | D:11     | Killed Urug
 12601 | D:11     | Reached XP level 12. HP: 73/73 MP: 17/21
 12726 | D:12     | Found a gate leading to a gauntlet.
 12747 | Gauntlet | Entered a Gauntlet
 12747 | Gauntlet | Found a transporter.
 12757 | Gauntlet | Found a transporter.
 12759 | Gauntlet | Found a transporter.
 12760 | Gauntlet | Found a transporter.
 12771 | Gauntlet | Found a transporter.
 12771 | Gauntlet | Found a transporter.
 12772 | Gauntlet | Found a transporter.
 12781 | Gauntlet | Found a transporter.
 12783 | Gauntlet | Found a transporter.
 12784 | Gauntlet | Found a transporter.
 12787 | Gauntlet | Noticed a cacodemon
 12792 | Gauntlet | Found a transporter.
 12795 | Gauntlet | Found a transporter.
 12796 | Gauntlet | Found a transporter.
 12800 | Gauntlet | Noticed a death yak
 12801 | Gauntlet | Noticed a death yak
 12801 | Gauntlet | Noticed a death yak
 12801 | Gauntlet | Noticed a death yak
 12801 | Gauntlet | Noticed a death yak
 12801 | Gauntlet | Noticed a death yak
 12804 | Gauntlet | Found a transporter.
 12925 | Gauntlet | Learned a level 5 spell: Lee's Rapid Deconstruction
 12976 | Gauntlet | Reached skill level 5 in Shields
 13502 | Gauntlet | Noticed a minotaur
 13852 | Gauntlet | Hit by a silver javelin thrown by a minotaur

Illustrated notes

Levels and vault maps discovered:
D:1:      dpeg_arrival_pond, layout_loops_ring,
          hellmonk_ecumenical_altar_zigzags, st_stairs_6, nrook_uturn,
          minmay_splitting_lines, dreamdust_princess_corridor
D:2:      layout_loops_ring, uniq_natasha, uniq_jessica, uniq_robin,
          uniq_crazy_yiuf_cottage
D:3:      layout_basic, nicolae_ru_great_annihilating_truth,
          amcnicky_mini_rare_corridor_liquid
D:4:      layout_rooms, nicolae_vehumet_altar_sigil, portal_sewer_entry_c,
          uniq_eustachio
D:5:      layout_basic, temple_green, minmay_pentangle
D:6:      layout_loops_ring, lightli_ossuary_entry_decrepit_ruins,
          serial_demonic, serial_demonic_g, serial_demonic_c, serial_demonic_b,
          serial_demonic_a, kennysheep_dice, uniq_duvessa
D:7:      layout_loops_ring, nicolae_have_a_lightning_rod
D:8:      layout_rooms, uniq_prince_ribbit1, uniq_joseph, uniq_psyche, uniq_grum
D:9:      layout_basic, nicolae_uskayaw_dance_hall, hiddenorc2_lemuel,
          fountainhead, dk_noncrumbling_2, uniq_jeremiah, uniq_erolcha
D:10:     layout_cave_pools, mainiacjoe_overflow_small_starburst
D:11:     layout_long_grid, erik_lair_orcish_takeover, serial_shops,
          nicolae_shop_temple_entry_statues_fountains, uniq_nergalle, uniq_urug
D:12:     layout_irregular_city, gauntlet_entry_generic, xom_shifter_show
Temple:   compressed_dpeg_circular_temple
Gauntlet: gammafunk_gauntlet_77_escape_option
          [minmay_gauntlet_arena_77_checkered,
          minmay_gauntlet_arena_77_chump_sandwich, minmay_gauntlet_arena_77_box,
          minmay_gauntlet_arena_77_fan, minmay_gauntlet_arena_77_squiggly,
          dreamdust_gauntlet_exit_labyrinth]

Skill      XL: |  1  2  3  4  5  6  7  8  9 10 11 12 |
---------------+-------------------------------------+-----
Earth Magic    | 4 5 6 9 10 | 10.0
Fighting       | 1 2 3 5 8 |  8.0
Summonings     | 1 2 3 |  3.0
Translocations | 1 2 3 |  3.0
Conjurations   | 2 3 4 6 |  6.0
Spellcasting   | 3 4 6 |  6.0
Armour         | 3 6 |  6.0
Dodging        | 3 4 |  4.0
Necromancy     | 3 7 8 |  8.0
Shields        | 3 6 |  6.9
Stealth        | |  2.1

Action                     |  1- 3 |  4- 6 |  7- 9 | 10-12 || total
---------------------------+-------+-------+-------+-------++-------
  Melee: Unarmed           |    11 |       |       |       ||    11
         Short sword       |       |       |    10 |       ||    10
         Staff             |       |       |       |    15 ||    15
   Cast: Sandblast         |    42 |    60 |   310 |   257 ||   669
         Stone Arrow       |       |     6 |    14 |    49 ||    69
         Call Imp          |       |     4 |       |       ||     4
         Borgnjor's Vile C |       |       |       |    11 ||    11
         Lee's Rapid Decon |       |       |       |     1 ||     1
 Invoke: Potion Petition   |       |       |       |     2 ||     2
    Use: Scroll            |       |       |    12 |    13 ||    25
         Potion            |       |       |       |    13 ||    13
 Armour: Robe              |    21 |    23 |   121 |   141 ||   306
         Skin              |       |       |       |    23 ||    23
  Dodge: Dodged            |     9 |    21 |   109 |   101 ||   240
  Block: Kite shield       |       |       |       |    33 ||    33

Table legend: (Time is in decaauts)
 A = Elapsed time spent in this place.
 B = Non-inter-level travel time spent in this place.
 C = Inter-level travel time spent in this place.
 D = Time resting spent in this place.
 E = Time spent auto-exploring this place.
 F = Levels seen in this place.
 G = Mean time per level.
                   A        B        C        D        E       F      G
               +--------+--------+--------+--------+--------+-----+--------+
         Total |  14178 |  13719 |    459 |   1407 |   9395 |  16 |  886.1 |
       Dungeon |  12012 |  11584 |    428 |    877 |   8439 |  12 | 1001.0 |
        Temple |     32 |      1 |     31 |      0 |      0 |   1 |   32.0 |
         Sewer |    348 |    348 |      0 |      0 |    296 |   1 |  348.0 |
       Ossuary |    676 |    676 |      0 |    131 |    359 |   1 |  676.0 |
      Gauntlet |   1108 |   1108 |      0 |    399 |    301 |   1 | 1108.0 |
               +--------+--------+--------+--------+--------+-----+--------+

Top non-repeatable levels by time:
     D:6: 1478 daAuts
     D:2: 1347 daAuts
     D:9: 1308 daAuts
     D:7: 1289 daAuts
     D:5: 1224 daAuts
     D:3: 1139 daAuts
Gauntlet: 1108 daAuts
     D:1: 1010 daAuts
     D:8: 858 daAuts
    D:10: 850 daAuts
    D:11: 784 daAuts
 Ossuary: 676 daAuts
     D:4: 611 daAuts
   Sewer: 348 daAuts
    D:12: 110 daAuts
